 Dungeon Crawl Stone Soup version 0.29.0-4-gdea44cf6ec (webtiles) character file.

Game seed: 15652845667787067707

106883 qw the Peltast (level 15, 0/241 HPs)
             Began as a Minotaur Berserker on Sept 10, 2022.
             Was an Elder of Trog.
             Slain by a salamander
             ... wielding a +0 halberd
              (20 damage)
             ... on level 2 of the Snake Pit.
             The game lasted 00:10:04 (28386 turns).

qw the Peltast (Minotaur Berserker)                Turns: 28386, Time: 00:10:05

Health: 0/241      AC: 31    Str: 27    XL:     15   Next: 98%
Magic:  14/14      EV:  8    Int:  8    God:    Trog [****..]
Gold:   1511       SH: 19    Dex:  8    Spells: 14/14 levels left

rFire   + + .      SeeInvis +   y - +9 war axe "Weruguaf" {speed, SInv}
rCold   x . .      Faith    +   w - +0 tower shield
rNeg    + + +      Spirit   .   d - +3 plate armour
rPois   +          Reflect  .   (helmet restricted)
rElec   .          Harm     .   (no cloak)
rCorr   .          Rampage  .   q - +2 pair of gloves of the Tuna {rN+++ Will+ Dex-2 Slay+2}
Will    +++..                   c - +2 pair of boots
Stlth   ..........              n - amulet of the Commoners {Faith rF++ rC- rN+}
HPRegen 0.50/turn               b - +4 ring of protection
MPRegen 0.14/turn               e - ring of poison resistance

@: berserking, lethally poisoned (0 -> -1), marked, very quick
A: horns 2, retaliatory headbutt, clever 1, strong-willed 1, robust 1
a: Renounce Religion, Berserk, Trog's Hand, Brothers in Arms


You were on level 2 of the Snake Pit.
You worshipped Trog.
Trog was greatly pleased with you.
You visited 4 branches of the dungeon, and saw 24 of its levels.

You collected 2798 gold pieces.
You spent 1287 gold pieces at shops.


Innate Abilities, Weirdness & Mutations

You have a pair of horns on your head.
You reflexively headbutt those who attack you in melee.
Your mind is acute. (Int +4, Str/Dex -1)
You are strong-willed. (Will+)
You are robust. (+10% HP)


   Skills:
 + Level 17.5 Fighting
 - Level 16.0 Axes
 - Level 4.0 Throwing
 - Level 15.0 Armour
 - Level 6.0 Dodging
 - Level 19.5 Shields


You had 14 spell levels left.
You didn't know any spells.
Your spell library was empty.

Inventory:

Hand Weapons
 y - the +9 war axe "Weruguaf" (weapon) {speed, SInv}
   (You found it on level 10 of the Dungeon)

   Attacks with this weapon are significantly faster.
   SInv:      It lets you see invisible.
 z - a +2 morningstar of freezing
Missiles
 o - a boomerang (quivered)
Armour
 c - a +2 pair of boots (worn)
 d - a +3 plate armour (worn)
 j - a +3 plate armour of poison resistance
 l - a +0 plate armour of fire resistance
 m - the +1 plate armour "Buppaf" {Will+ Dex+4}
   (You bought it in a shop on level 2 of the Orcish Mines)

   Dex:       It affects your dexterity (+4).
   Will:      It increases your willpower.
 q - the +2 pair of gloves of the Tuna (worn) {rN+++ Will+ Dex-2 Slay+2}
   (You acquired it on level 4 of the Dungeon)

   Dex:       It affects your dexterity (-2).
   Slay:      It affects your accuracy & damage with ranged weapons and melee
   (+2).
   rN:        It renders you almost immune to negative energy.
   Will:      It increases your willpower.
 w - a +0 tower shield (worn)
Jewellery
 b - a +4 ring of protection (left hand)
 e - a ring of poison resistance (right hand)
 i - a ring of protection from fire
 k - a ring of poison resistance
 n - the amulet of the Commoners (around neck) {Faith rF++ rC- rN+}
   (You found it on level 4 of the Lair of Beasts)

   [amulet of faith]

   It allows you to gain divine favour quickly.
   rF:        It greatly protects you from fire.
   rC:        It makes you vulnerable to cold.
   rN:        It protects you from negative energy.
 r - a +6 ring of strength
 t - a ring of see invisible
 u - a ring of protection from fire
Scrolls
 g - 8 scrolls of teleportation
 s - 6 scrolls of enchant weapon
 v - 11 scrolls of identify
Potions
 a - 10 potions of curing
 f - 2 potions of haste
 h - 4 potions of resistance
 p - 6 potions of mutation
 x - 5 potions of might
 A - a potion of heal wounds

Dungeon Overview and Level Annotations

Branches:
Dungeon (15/15)            Temple (0/1) D:5            Lair (5/5) D:11
 Shoals (0/4) Lair:2        Snake (2/4) Lair:2        Slime (0/5) Lair:4
    Orc (2/2) D:10            Elf (0/3) Orc:2        Vaults (0/5) D:13
 Depths (0/4) D:15

Altars:
Ashenzari
Dithmenos
Elyvilon
Gozag
Hepliaklqana
Kikubaaqudgha
Nemelex Xobeh
Okawaru
Sif Muna
Trog
Uskayaw
Vehumet
Xom
Yredelemnul
The Shining One
Jiyva

Shops:
D:10 *   Orc:1 *   Orc:2 [(:(*   Snake:1 !*?:

Annotations:
D:10 3 runed translucent doors, qw's ghost, novice GrFi
D:11 3 runed translucent doors, Vexag's ghost, novice HOMo
Lair:2 2 runed translucent doors, qw's ghost, journeyman GrBe
Snake:2 Saint Roka


Message History

You hit the orc.
You kill the orc!
Trog accepts your kill.
You hit Saint Roka but do no damage. You slash the black mamba!
You slice the black mamba!!
You kill the black mamba!
Trog accepts your kill.
You hit the black mamba. You block the black mamba's attack.
You block Saint Roka's attack.
You closely miss the black mamba. Your headbutt misses the black mamba.
The black mamba is heavily wounded.
You slash Saint Roka! You closely miss the black mamba.
You feel sick.
You closely miss the black mamba.
The black mamba is heavily wounded.
You barely miss Saint Roka. You slash the salamander mystic!
You slice the black mamba!!
You kill the black mamba!
Trog accepts your kill.
The salamander hits you but does no damage.
You block the black mamba's attack.
You miss the black mamba.
The black mamba is heavily wounded.
You hit Saint Roka. You slice the salamander mystic!!
You slash the black mamba!
You feel sick.
Saint Roka hits you with a +2 great sword of freezing!
Saint Roka freezes you.
The naga warrior roars a battlecry!
The salamander mystic hits you with a +0 quarterstaff!
You are engulfed in flames.
You resist.
The black mamba bites you but does no damage.
You slice the salamander mystic!!
You kill the salamander mystic!
Trog accepts your kill.
Trog appreciates your killing of a magic user.
You slash the black mamba! x2; You hit Saint Roka but do no damage.
You slash the black mamba!
The black mamba bites you but does no damage.
The salamander hits you from afar with a +0 halberd!!
You die...

.......##....##
..........?...###
............N...#
...<....!%)..N..####..
...........S.N........
......>....N....####.
#####.<.......N#
##.....S)S.#
#......S@##
###....)oS# #......)o#
#......#)..
######...... ###......
..... .....


You could see Saint Roka, a naga warrior, 2 naga sharpshooters, a salamander
(strong), a shock serpent, 4 black mambas, a naga (strong) and an orc (strong).

Vanquished Creatures
  A nagaraja (Snake:2)
  2 orc warlords (Orc:1)
  Azrael (D:15)
  Josephine (Lair:3)
  4 vault guards (D:13)
  2 boulder beetles
  6 hydras
  A catoblepas (D:13)
  4 two-headed ogres
  9 centaur warriors
  3 anacondas (Snake:1)
  A tengu warrior (D:15)
  3 naga warriors
  4 naga sharpshooters (Snake:1)
  An orc high priest (Orc:1)
  3 shock serpents
  6 skeletal warriors (D:15)
  A salamander mystic (Snake:2)
  A goliath frog (Lair:5)
  2 orc knights
  2 wizards
  A necromancer (D:15)
  2 mana vipers
  A deep elf pyromancer (D:14)
  11 ugly things
  A salamander (Snake:1)
  4 manticores
  4 cyclopes
  2 merfolk sirens (Lair:2)
  6 orc sorcerers
  A centaur zombie (D:15)
  10 black mambas
  4 elephants (Lair:4)
  6 naga magi
  Joseph (D:8)
  A torpor snail (Lair:2)
  An unseen horror (D:10)
  2 centaur skeletons (D:15)
  4 gargoyles
  A freezing wraith (D:15)
  Maggie (D:8)
  A kobold demonologist (D:12)
  21 cane toads
  4 rime drakes
  2 ice devils (Lair:1)
  7 komodo dragons
  3 meliai (D:14)
  3 tyrant leeches (Lair:5)
  7 trolls
  3 polar bears
  A hornet (D:10)
  2 merfolk (Lair:2)
  2 dream sheep (Lair:5)
  31 blink frogs
  2 shadows
  7 wraiths
  2 wyverns
  39 yaks
  5 basilisks
  3 fire elementals (D:15)
  A steam dragon (D:7)
  10 vampire mosquitoes
  A harpy simulacrum (D:15)
  2 wargs (Orc:1)
  3 acid dragons
  17 nagas
  20 water moccasins
  3 hell hounds (D:15)
  3 black bears
  3 ice beasts
  54 orc warriors
  2 sky beasts
  7 wolves
  7 ogres
  A phantom (D:5)
  21 centaurs
  A kobold brigand (D:12)
  18 bullfrogs
  Blork the orc (D:6)
  A gnoll sergeant (D:7)
  5 necrophages
  4 scorpions (D:6)
  5 wights (D:10)
  A hornet simulacrum (D:8)
  11 killer bees
  9 howler monkeys
  3 electric eels
  A vampire bat (Orc:1)
  5 hounds
  19 orc priests
  2 iguanas (D:5)
  Jessica (D:3)
  28 orc wizards
  3 centaur simulacra (D:8)
  A killer bee simulacrum (D:8)
  Robin (D:4)
  12 adders
  8 gnolls (D:7)
  A white imp (D:7)
  An ufetubus (D:4)
  2 dart slugs (D:1)
  89 orcs
  25 bats
  5 endoplasms
  3 giant cockroaches
  12 goblins
  8 hobgoblins
  3 jackals (D:1)
  4 quokkas
  4 ball pythons
  3 frilled lizards
  10 kobolds
  8 rats
740 creatures vanquished.

Vanquished Creatures (collateral kills)
  An ettin (Orc:2)
  A hydra (Lair:5)
  An orc knight (Orc:1)
  2 cane toads
  A komodo dragon (Lair:1)
  A blink frog (Lair:1)
  2 dream sheep (Lair:5)
  A warg (Orc:1)
  2 water moccasins (Lair:5)
  2 orc warriors
  A centaur (D:13)
  A bullfrog (Lair:5)
  An orc priest (D:10)
  An orc wizard (D:10)
  3 orcs
21 creatures vanquished.

Vanquished Creatures (others)
  An orc wizard (D:14)
  A boggart skeleton (D:15)
  4 orcs
  24 fungi
  83 plants
113 creatures vanquished.

Grand Total: 874 creatures vanquished

Notes
Turn   | Place    | Note
-------+----------+-------------------------------------------
     0 | D:1      | qw the Minotaur Berserker began the quest for the Orb.
     0 | D:1      | Reached XP level 1. HP: 19/19 MP: 0/0
     0 | D:1      | 0 ||| qw: Version: 0.1-a-116-g5d60599
     0 | D:1      | 0 ||| qw: Game counter: 7477
     0 | D:1      | 0 ||| qw: Always use a shield: true
     0 | D:1      | 0 ||| qw: Do Orc after D:15 true
     0 | D:1      | 0 ||| qw: Do second Lair branch before Depths: true
     0 | D:1      | 0 ||| qw: Lair rune preference: random
     0 | D:1      | 0 ||| qw: Plans: Normal
     0 | D:1      | 0 ||| PLANNING D:1-11
     7 | D:1      | 7 ||| Stepping ~*~*~tactically~*~*~ (hiding).
    34 | D:1      | 34 ||| Stepping ~*~*~tactically~*~*~ (hiding).
   100 | D:1      | 100 ||| INVOKING Berserk.
   101 | D:1      | 101 ||| INVOKING Berserk.
   101 | D:1      | HP: 7/28 [hobgoblin (3)]
   358 | D:1      | Reached XP level 2. HP: 26/26 MP: 1/1
   509 | D:1      | 509 ||| Stepping ~*~*~tactically~*~*~ (stealth).
   680 | D:1      | 680 ||| Stepping ~*~*~tactically~*~*~ (hiding).
   685 | D:1      | 685 ||| Stepping ~*~*~tactically~*~*~ (hiding).
   725 | D:1      | Found a faded altar of an unknown god.
   990 | D:1      | Reached XP level 3. HP: 26/31 MP: 2/2
  1406 | D:1      | 1406 ||| DROPPING orb of light.
  1407 | D:1      | 1407 ||| UPGRADING to +0 plate armour.
  1417 | D:1      | 1417 ||| DROPPING +0 animal skin.
  1418 | D:1      | 1418 ||| READING scroll labelled GEIFI OSHROORR.
  1419 | D:1      | 1419 ||| READING 3 scrolls labelled NANAWO DETIAT.
  1420 | D:1      | 1420 ||| READING 3 scrolls labelled ZAUCKESEIW.
  1558 | D:1      | 1558 ||| READING scroll labelled IPPOIX DOYCUPT.
  1563 | D:1      | 1563 ||| READING scroll labelled YPPOOG BASUBRE.
  1564 | D:1      | 1564 ||| DROPPING 2 scrolls of fear.
  1565 | D:1      | 1565 ||| DROPPING 2 scrolls of torment.
  1732 | D:2      | Reached ** piety under Trog
  2069 | D:2      | Reached XP level 4. HP: 39/39 MP: 3/3
  2140 | D:2      | Reached skill level 6 in Axes
  2458 | D:2      | 2458 ||| READING 2 scrolls labelled PAOFUQ HIEGROT.
  2459 | D:2      | 2459 ||| DRINKING 2 dark potions.
  2459 | D:2      | Gained mutation: Your magical capacity is low. (-10% MP)
                  | [potion of mutation]
  2459 | D:2      | Gained mutation: You occasionally lose the ability to read
                  | scrolls when taking damage. [potion of mutation]
  2459 | D:2      | Gained mutation: You are robust. (+10% HP) [potion of
                  | mutation]
  2481 | D:2      | 2481 ||| DRINKING potion of mutation.
  2481 | D:2      | Lost mutation: Your magical capacity is low. (-10% MP)
                  | [potion of mutation]
  2481 | D:2      | Lost mutation: You occasionally lose the ability to read
                  | scrolls when taking damage. [potion of mutation]
  2481 | D:2      | Gained mutation: You are strong-willed. (Will+) [potion of
                  | mutation]
  2481 | D:2      | Gained mutation: Your mind is acute. (Int +4, Str/Dex -1)
                  | [potion of mutation]
  2494 | D:2      | 2494 ||| DROPPING scroll of blinking.
  2696 | D:3      | Reached skill level 1 in Throwing
  2826 | D:3      | Found a bloodstained altar of Trog.
  2850 | D:3      | 2850 ||| READING scroll of enchant weapon.
  2850 | D:3      | 2850 ||| ENCHANTING +1 hand axe.
  2905 | D:3      | Noticed Jessica
  2906 | D:3      | 2906 ||| Stepping ~*~*~tactically~*~*~ (hiding).
  2907 | D:3      | 2907 ||| Stepping ~*~*~tactically~*~*~ (hiding).
  2918 | D:3      | Killed Jessica
  3093 | D:3      | Found a glowing golden altar of the Shining One.
  3096 | D:3      | Found a shimmering altar of Xom.
  3097 | D:3      | Found an ancient bone altar of Kikubaaqudgha.
  3097 | D:3      | Found an iron altar of Okawaru.
  3098 | D:3      | Found a sparkling altar of Nemelex Xobeh.
  3098 | D:3      | Found an opulent altar of Gozag.
  3276 | D:3      | 3276 ||| UPGRADING to +0 kite shield.
  3281 | D:3      | 3281 ||| UPGRADING to ring of poison resistance.
  3282 | D:3      | 3282 ||| UPGRADING to +6 ring of dexterity.
  3376 | D:4      | Noticed a bullfrog
  3385 | D:4      | Killed a bullfrog
  3386 | D:4      | Reached skill level 2 in Shields
  3386 | D:4      | Reached XP level 5. HP: 46/49 MP: 4/4
  3387 | D:4      | Reached skill level 3 in Shields
  3420 | D:4      | Found a shadowy altar of Dithmenos.
  3540 | D:4      | Identified the +5 war axe "Luqoet" {freeze, rPois rCorr}
  3542 | D:4      | 3542 ||| SWAPPING to +5 war axe "Luqoet" {freeze, rPois
                  | rCorr}.
  3543 | D:4      | 3543 ||| REMOVING ring of poison resistance.
  3544 | D:4      | 3544 ||| DROPPING +2 hand axe.
  3552 | D:4      | 3552 ||| Stepping ~*~*~tactically~*~*~ (stealth).
  3570 | D:4      | Reached skill level 4 in Shields
  3570 | D:4      | Reached XP level 6. HP: 52/56 MP: 5/5
  3932 | D:4      | 3932 ||| Stepping ~*~*~tactically~*~*~ (stealth).
  3936 | D:4      | 3936 ||| INVOKING Berserk.
  3942 | D:4      | Reached *** piety under Trog
  3943 | D:4      | Noticed Robin
  3948 | D:4      | Reached skill level 5 in Shields
  3954 | D:4      | Killed Robin
  4256 | D:4      | 4256 ||| UPGRADING to +0 pair of gloves.
  4261 | D:4      | 4261 ||| UPGRADING to ring of protection from fire.
  4262 | D:4      | 4262 ||| READING scroll labelled ZEXAUNL GIBBIB.
  4262 | D:4      | Identified a scroll of acquirement
  4262 | D:4      | 4262 ||| ACQUIRING +2 pair of gloves of the Tuna {rN+++
                  | Will+ Dex-2 Slay+2}
  4262 | D:4      | Acquired the +2 pair of gloves of the Tuna {rN+++ Will+
                  | Dex-2 Slay+2}
  4264 | D:4      | 4264 ||| UPGRADING to +2 pair of gloves of the Tuna {rN+++
                  | Will+ Dex-2 Slay+2}.
  4274 | D:4      | 4274 ||| DROPPING +0 pair of gloves.
  4275 | D:4      | 4275 ||| DRINKING 2 orange potions.
  4380 | D:4      | 4380 ||| DROPPING potion of berserk rage.
  4421 | D:5      | Entered Level 5 of the Dungeon
  4424 | D:5      | 4424 ||| INVOKING Berserk.
  4427 | D:5      | Reached skill level 3 in Armour
  4432 | D:5      | Reached XP level 7. HP: 38/66 MP: 6/6
  4434 | D:5      | HP: 23/99 [orc priest/divine providence (11)]
  4439 | D:5      | HP: 13/99 [adder (2)]
  4444 | D:5      | Reached skill level 6 in Shields
  4444 | D:5      | HP: 4/66 [poisoned by an adder]
  4456 | D:5      | 4456 ||| FLEEEEING.
  4457 | D:5      | 4457 ||| STAIRDANCE
  4743 | D:5      | 4743 ||| INVOKING Berserk.
  4752 | D:5      | 4752 ||| Stepping ~*~*~tactically~*~*~ (stealth).
  4762 | D:5      | Reached XP level 8. HP: 73/73 MP: 7/7
  4930 | D:5      | Found a staircase to the Ecumenical Temple.
  5056 | D:5      | Reached skill level 9 in Axes
  5423 | D:5      | 5423 ||| UPGRADING to +4 ring of protection.
  5425 | D:5      | 5425 ||| UPGRADING to ring of protection from fire.
  5427 | D:5      | 5427 ||| DRINKING 2 smoky white potions.
  5471 | D:5      | 5471 ||| DROPPING potion of lignification.
  5542 | D:6      | Reached skill level 7 in Shields
  5574 | D:6      | 5574 ||| DROPPING +0 club.
  5673 | D:6      | Reached **** piety under Trog
  5686 | D:6      | 5686 ||| Stepping ~*~*~tactically~*~*~ (stealth).
  5746 | D:6      | 5746 ||| DROPPING +0 mace.
  5811 | D:6      | Reached skill level 6 in Fighting
  5910 | D:6      | Noticed Blork the orc
  5911 | D:6      | 5911 ||| Stepping ~*~*~tactically~*~*~ (hiding).
  5912 | D:6      | 5912 ||| Stepping ~*~*~tactically~*~*~ (hiding).
  5918 | D:6      | 5918 ||| INVOKING Berserk.
  5920 | D:6      | Killed Blork the orc
  6101 | D:6      | 6101 ||| INVOKING Berserk.
  6104 | D:6      | Reached XP level 9. HP: 82/82 MP: 8/8
  6533 | D:6      | 6533 ||| UPGRADING to ring of see invisible.
  6535 | D:6      | 6535 ||| READING 4 scrolls labelled YSONGOIBOM.
  6536 | D:6      | 6536 ||| READING scroll labelled OKLAEPL SAIH.
  6537 | D:6      | 6537 ||| READING 3 scrolls of identify.
  6537 | D:6      | 6537 ||| IDENTIFYING sapphire potion
  6538 | D:6      | 6538 ||| READING 2 scrolls of identify.
  6538 | D:6      | 6538 ||| IDENTIFYING brown potion
  6539 | D:6      | 6539 ||| DROPPING potion of flight.
  6579 | D:7      | 6579 ||| INVOKING Berserk.
  6595 | D:7      | Reached skill level 8 in Shields
  6616 | D:7      | 6616 ||| FLEEEEING.
  6617 | D:7      | 6617 ||| FLEEEEING.
  6618 | D:7      | 6618 ||| FLEEEEING.
  6619 | D:7      | 6619 ||| FLEEEEING.
  6620 | D:7      | 6620 ||| FLEEEEING.
  6621 | D:7      | 6621 ||| FLEEEEING.
  6851 | D:7      | 6851 ||| INVOKING Berserk.
  6962 | D:7      | 6962 ||| DROPPING +2 vorpal flail.
  7056 | D:7      | 7056 ||| INVOKING Berserk.
  7063 | D:7      | Reached skill level 12 in Axes
  7217 | D:7      | 7217 ||| Stepping ~*~*~tactically~*~*~ (hiding).
  7221 | D:7      | 7221 ||| Stepping ~*~*~tactically~*~*~ (hiding).
  7252 | D:7      | Found a hide-covered altar of Uskayaw.
  7292 | D:7      | 7292 ||| UPGRADING to +0 pair of boots.
  7297 | D:7      | 7297 ||| DRINKING 2 fizzy inky potions.
  7298 | D:7      | 7298 ||| READING 2 scrolls of identify.
  7298 | D:7      | 7298 ||| IDENTIFYING fuming blue potion
  7299 | D:7      | 7299 ||| DROPPING potion of attraction.
  7300 | D:7      | 7300 ||| DROPPING potion of brilliance.
  7349 | D:8      | Noticed a centaur warrior
  7350 | D:8      | 7350 ||| Stepping ~*~*~tactically~*~*~ (hiding).
  7358 | D:8      | 7358 ||| INVOKING Berserk.
  7359 | D:8      | Killed a centaur warrior
  7361 | D:8      | Noticed a white ugly thing
  7371 | D:8      | Killed a white ugly thing
  7372 | D:8      | Reached XP level 10. HP: 94/94 MP: 9/9
  7538 | D:8      | Noticed Maggie
  7545 | D:8      | Killed Maggie
  7546 | D:8      | Reached skill level 9 in Shields
  7548 | D:8      | 7548 ||| Stepping ~*~*~tactically~*~*~ (stealth).
  7561 | D:8      | 7561 ||| INVOKING Berserk.
  7785 | D:8      | 7785 ||| Stepping ~*~*~tactically~*~*~ (stealth).
  7787 | D:8      | 7787 ||| Stepping ~*~*~tactically~*~*~ (stealth).
  7792 | D:8      | 7792 ||| STAIRDANCE
  8082 | D:8      | Noticed Joseph
  8084 | D:8      | 8084 ||| INVOKING Berserk.
  8092 | D:8      | 8092 ||| Stepping ~*~*~tactically~*~*~ (water).
  8097 | D:8      | Killed Joseph
  8101 | D:8      | HP: 23/96 [electric eel/bolt of electricity (11)]
  8102 | D:8      | 8102 ||| READING 2 scrolls of teleportation.
  8427 | D:8      | 8427 ||| INVOKING Berserk.
  8603 | D:8      | Found a basalt altar of Yredelemnul.
  8690 | D:8      | Found a white marble altar of Elyvilon.
  8737 | D:8      | Found a radiant altar of Vehumet.
  8912 | D:8      | 8912 ||| Stepping ~*~*~tactically~*~*~ (hiding).
  8914 | D:8      | 8914 ||| Stepping ~*~*~tactically~*~*~ (hiding).
  8916 | D:8      | 8916 ||| Stepping ~*~*~tactically~*~*~ (hiding).
  8921 | D:8      | Reached skill level 3 in Throwing
  8921 | D:8      | 8921 ||| Stepping ~*~*~tactically~*~*~ (stealth).
  8924 | D:8      | 8924 ||| Stepping ~*~*~tactically~*~*~ (stealth).
  8946 | D:8      | 8946 ||| READING scroll labelled KOPINOKOIG.
  8947 | D:8      | 8947 ||| READING 2 scrolls of identify.
  8947 | D:8      | 8947 ||| IDENTIFYING viscous orange potion
  8966 | D:9      | Noticed a two-headed ogre
  8970 | D:9      | 8970 ||| INVOKING Berserk.
  8972 | D:9      | Killed a two-headed ogre
  9095 | D:9      | 9095 ||| Stepping ~*~*~tactically~*~*~ (hiding).
  9190 | D:9      | 9190 ||| INVOKING Berserk.
  9232 | D:9      | 9232 ||| Stepping ~*~*~tactically~*~*~ (stealth).
  9321 | D:9      | 9321 ||| Stepping ~*~*~tactically~*~*~ (stealth).
  9409 | D:9      | Found a hazy altar of Hepliaklqana.
  9562 | D:9      | 9562 ||| Stepping ~*~*~tactically~*~*~ (hiding).
  9569 | D:9      | 9569 ||| INVOKING Berserk.
  9574 | D:9      | Reached XP level 11. HP: 103/103 MP: 10/10
  9649 | D:9      | Found a shimmering blue altar of Sif Muna.
  9753 | D:9      | 9753 ||| Stepping ~*~*~tactically~*~*~ (stealth).
  9755 | D:9      | 9755 ||| Stepping ~*~*~tactically~*~*~ (hiding).
  9756 | D:9      | 9756 ||| INVOKING Berserk.
  9759 | D:9      | Reached skill level 10 in Shields
  9770 | D:9      | 9770 ||| Stepping ~*~*~tactically~*~*~ (stealth).
  9771 | D:9      | 9771 ||| Stepping ~*~*~tactically~*~*~ (stealth).
 10085 | D:9      | 10085 ||| READING 2 scrolls of identify.
 10085 | D:9      | 10085 ||| IDENTIFYING gluggy blue potion
 10086 | D:9      | 10086 ||| DROPPING potion of ambrosia.
 10091 | D:10     | Entered Level 10 of the Dungeon
 10100 | D:10     | 10100 ||| Stepping ~*~*~tactically~*~*~ (stealth).
 10158 | D:10     | Found a runed translucent gate.
 10158 | D:10     | Found a runed translucent gate.
 10158 | D:10     | Found a runed translucent gate.
 10158 | D:10     | Noticed qw's ghost (novice GrFi)
 10175 | D:10     | Reached ***** piety under Trog
 10208 | D:10     | 10208 ||| Stepping ~*~*~tactically~*~*~ (stealth).
 10356 | D:10     | Found a broken altar of Ashenzari.
 10413 | D:10     | Identified the +9 war axe "Weruguaf" {speed, SInv}
 10415 | D:10     | 10415 ||| SWAPPING to +9 war axe "Weruguaf" {speed, SInv}.
 10416 | D:10     | 10416 ||| REMOVING ring of see invisible.
 10417 | D:10     | 10417 ||| DROPPING +5 war axe "Luqoet" {freeze, rPois
                  | rCorr}.
 10432 | D:10     | 10432 ||| Stepping ~*~*~tactically~*~*~ (stealth).
 10433 | D:10     | 10433 ||| Stepping ~*~*~tactically~*~*~ (stealth).
 10438 | D:10     | You fall into a shaft and drop 2 floors!
 10494 | D:12     | Reached skill level 15 in Axes
 10529 | D:12     | 10529 ||| INVOKING Berserk.
 10602 | D:12     | 10602 ||| INVOKING Berserk.
 10689 | D:12     | Reached skill level 9 in Fighting
 10810 | D:12     | 10810 ||| UPGRADING to ring of poison resistance.
 10811 | D:12     | 10811 ||| READING scroll labelled ZUUGAH VOCZEL.
 10812 | D:12     | 10812 ||| DRINKING 2 bubbling emerald potions.
 10813 | D:12     | 10813 ||| DROPPING potion of invisibility.
 10820 | D:12     | 10820 ||| INVOKING Berserk.
 11112 | D:11     | Found a runed translucent gate.
 11112 | D:11     | Found a runed translucent gate.
 11113 | D:11     | Found a runed translucent gate.
 11155 | D:11     | 11155 ||| INVOKING Berserk.
 11349 | D:10     | Found Git Mien's General Store.
 11355 | D:10     | 11355 ||| INVOKING Berserk.
 11363 | D:10     | 11363 ||| FLEEEEING.
 11364 | D:10     | 11364 ||| FLEEEEING.
 11365 | D:10     | 11365 ||| FLEEEEING.
 11366 | D:10     | 11366 ||| FLEEEEING.
 11565 | D:10     | 11565 ||| INVOKING Berserk.
 11766 | D:10     | 11766 ||| Stepping ~*~*~tactically~*~*~ (hiding).
 11767 | D:10     | 11767 ||| Stepping ~*~*~tactically~*~*~ (hiding).
 11796 | D:10     | 11796 ||| Stepping ~*~*~tactically~*~*~ (stealth).
 11798 | D:10     | 11798 ||| INVOKING Berserk.
 11816 | D:10     | 11816 ||| INVOKING Brothers in Arms.
 11948 | D:10     | Found a staircase to the Orcish Mines.
 11949 | D:10     | 11949 ||| DROPPING -2 morningstar.
 12018 | D:10     | Noticed a two-headed ogre
 12023 | D:10     | 12023 ||| INVOKING Berserk.
 12025 | D:10     | Killed a two-headed ogre
 12289 | D:10     | 12289 ||| BUYING potion of haste (140 gold).
 12289 | D:10     | Bought a potion of haste for 140 gold pieces
 12478 | D:11     | Noticed a two-headed ogre
 12483 | D:11     | 12483 ||| INVOKING Berserk.
 12486 | D:11     | Killed a two-headed ogre
 12627 | D:11     | 12627 ||| Stepping ~*~*~tactically~*~*~ (hiding).
 12780 | D:11     | Reached skill level 9 in Armour
 12829 | D:11     | Found a staircase to the Lair.
 12965 | D:11     | Noticed Vexag's ghost (novice HOMo)
 13030 | D:11     | Reached XP level 12. HP: 116/116 MP: 11/11
 13095 | D:11     | 13095 ||| PLANNING LAIR
 13095 | D:11     | 13095 ||| READING scroll labelled SEPOOT ISKEBBUE.
 13096 | D:11     | 13096 ||| READING scroll labelled GYOCIGH POGITS.
 13097 | D:11     | 13097 ||| READING scroll labelled YTHOHY QU ICHA.
 13153 | Lair:1   | Entered Level 1 of the Lair of Beasts
 13175 | Lair:1   | Reached skill level 11 in Shields
 13179 | Lair:1   | Reached skill level 3 in Dodging
 13207 | Lair:1   | 13207 ||| Stepping ~*~*~tactically~*~*~ (stealth).
 13208 | Lair:1   | 13208 ||| Stepping ~*~*~tactically~*~*~ (stealth).
 13214 | Lair:1   | 13214 ||| Stepping ~*~*~tactically~*~*~ (stealth).
 13216 | Lair:1   | 13216 ||| INVOKING Berserk.
 13231 | Lair:1   | 13231 ||| INVOKING Brothers in Arms.
 13232 | Lair:1   | 13232 ||| INVOKING Brothers in Arms.
 13301 | Lair:1   | 13301 ||| Stepping ~*~*~tactically~*~*~ (stealth).
 13356 | Lair:1   | 13356 ||| Stepping ~*~*~tactically~*~*~ (hiding).
 13357 | Lair:1   | 13357 ||| Stepping ~*~*~tactically~*~*~ (hiding).
 13361 | Lair:1   | Received a gift from Trog
 13463 | Lair:1   | 13463 ||| DROPPING +2 vorpal broad axe.
 13600 | Lair:1   | 13600 ||| Stepping ~*~*~tactically~*~*~ (hiding).
 13813 | Lair:1   | Found a frozen archway.
 14430 | Lair:1   | 14430 ||| DROPPING ring of magical power.
 14431 | Lair:1   | 14431 ||| READING scroll labelled AFYIRA UDWIEZUG.
 14532 | Lair:1   | 14532 ||| READING 5 scrolls of identify.
 14532 | Lair:1   | 14532 ||| IDENTIFYING amethyst potion
 14560 | Lair:2   | 14560 ||| STAIRDANCE
 14580 | Lair:2   | 14580 ||| STAIRDANCE
 14594 | Lair:2   | Reached skill level 12 in Shields
 14604 | Lair:2   | 14604 ||| INVOKING Berserk.
 14823 | Lair:2   | Found a staircase to the Shoals.
 14941 | Lair:2   | Found a staircase to the Snake Pit.
 14942 | Lair:2   | 14942 ||| Stepping ~*~*~tactically~*~*~ (hiding).
 14945 | Lair:2   | 14945 ||| Stepping ~*~*~tactically~*~*~ (hiding).
 14956 | Lair:2   | 14956 ||| Stepping ~*~*~tactically~*~*~ (stealth).
 14957 | Lair:2   | 14957 ||| Stepping ~*~*~tactically~*~*~ (stealth).
 15022 | Lair:2   | 15022 ||| FLEEEEING.
 15023 | Lair:2   | 15023 ||| FLEEEEING.
 15024 | Lair:2   | 15024 ||| FLEEEEING.
 15028 | Lair:2   | 15028 ||| INVOKING Berserk.
 15031 | Lair:2   | Reached skill level 12 in Fighting
 15175 | Lair:2   | Found a large runed translucent door.
 15175 | Lair:2   | Found a large runed translucent door.
 15236 | Lair:2   | 15236 ||| Stepping ~*~*~tactically~*~*~ (stealth).
 15239 | Lair:2   | 15239 ||| Stepping ~*~*~tactically~*~*~ (stealth).
 15243 | Lair:2   | 15243 ||| Stepping ~*~*~tactically~*~*~ (stealth).
 15244 | Lair:2   | 15244 ||| Stepping ~*~*~tactically~*~*~ (stealth).
 15906 | Lair:2   | Noticed qw's ghost (journeyman GrBe)
 15945 | Lair:2   | 15945 ||| READING scroll labelled NOSMIK WEMN.
 15970 | Lair:3   | 15970 ||| INVOKING Berserk.
 15979 | Lair:3   | 15979 ||| STAIRDANCE
 16254 | Lair:3   | 16254 ||| INVOKING Berserk.
 16405 | Lair:3   | Found a dark tunnel.
 16475 | Lair:3   | Noticed a five-headed hydra
 16477 | Lair:3   | 16477 ||| INVOKING Brothers in Arms.
 16478 | Lair:3   | 16478 ||| INVOKING Brothers in Arms.
 16479 | Lair:3   | 16479 ||| SWAPPING to +0 morningstar.
 16480 | Lair:3   | 16480 ||| INVOKING Berserk.
 16483 | Lair:3   | Killed a five-headed hydra
 16484 | Lair:3   | Reached skill level 13 in Shields
 16505 | Lair:3   | 16505 ||| SWAPPING to +9 war axe "Weruguaf" {speed, SInv}.
 16696 | Lair:3   | 16696 ||| INVOKING Berserk.
 16701 | Lair:3   | Reached XP level 13. HP: 129/129 MP: 12/12
 16831 | Lair:3   | 16831 ||| SWAPPING to +0 morningstar.
 16832 | Lair:3   | 16832 ||| INVOKING Berserk.
 16846 | Lair:3   | 16846 ||| SWAPPING to +9 war axe "Weruguaf" {speed, SInv}.
 17095 | Lair:3   | Noticed Josephine
 17096 | Lair:3   | 17096 ||| Stepping ~*~*~tactically~*~*~ (hiding).
 17099 | Lair:3   | 17099 ||| Stepping ~*~*~tactically~*~*~ (hiding).
 17116 | Lair:3   | Killed Josephine
 17317 | Lair:3   | 17317 ||| Stepping ~*~*~tactically~*~*~ (hiding).
 17549 | Lair:4   | 17549 ||| INVOKING Berserk.
 17568 | Lair:4   | 17568 ||| Stepping ~*~*~tactically~*~*~ (stealth).
 17780 | Lair:4   | Reached skill level 12 in Armour
 17797 | Lair:4   | 17797 ||| Stepping ~*~*~tactically~*~*~ (stealth).
 17799 | Lair:4   | 17799 ||| INVOKING Berserk.
 17810 | Lair:4   | 17810 ||| Stepping ~*~*~tactically~*~*~ (stealth).
 17811 | Lair:4   | 17811 ||| Stepping ~*~*~tactically~*~*~ (stealth).
 17814 | Lair:4   | 17814 ||| Stepping ~*~*~tactically~*~*~ (stealth).
 17816 | Lair:4   | 17816 ||| Stepping ~*~*~tactically~*~*~ (stealth).
 17926 | Lair:4   | 17926 ||| READING scroll of enchant armour.
 17926 | Lair:4   | 17926 ||| ENCHANTING +0 pair of boots.
 17989 | Lair:4   | 17989 ||| INVOKING Berserk.
 18020 | Lair:4   | 18020 ||| Stepping ~*~*~tactically~*~*~ (stealth).
 18021 | Lair:4   | 18021 ||| Stepping ~*~*~tactically~*~*~ (stealth).
 18139 | Lair:4   | Identified the amulet of the Commoners {Faith rF++ rC- rN+}
 18238 | Lair:4   | 18238 ||| INVOKING Berserk.
 18428 | Lair:4   | Found a viscous altar of Jiyva.
 18428 | Lair:4   | Found a staircase to the Slime Pits.
 18452 | Lair:4   | You fall into a shaft and drop 1 floor!
 18452 | Lair:5   | Entered Level 5 of the Lair of Beasts
 18454 | Lair:5   | 18454 ||| INVOKING Berserk.
 18465 | Lair:5   | 18465 ||| Stepping ~*~*~tactically~*~*~ (stealth).
 18466 | Lair:5   | 18466 ||| Stepping ~*~*~tactically~*~*~ (stealth).
 18468 | Lair:5   | 18468 ||| Stepping ~*~*~tactically~*~*~ (stealth).
 18473 | Lair:5   | 18473 ||| Stepping ~*~*~tactically~*~*~ (stealth).
 18478 | Lair:5   | 18478 ||| INVOKING Brothers in Arms.
 18479 | Lair:5   | 18479 ||| INVOKING Brothers in Arms.
 18480 | Lair:5   | 18480 ||| SWAPPING to +0 morningstar.
 18486 | Lair:5   | HP: 33/136 [six-headed hydra (7)]
 18487 | Lair:5   | 18487 ||| READING 5 scrolls of teleportation.
 18488 | Lair:5   | Reached skill level 14 in Shields
 18488 | Lair:5   | 18488 ||| DRINKING 2 potions of heal wounds.
 18491 | Lair:5   | 18491 ||| DRINKING potion of heal wounds.
 18492 | Lair:5   | 18492 ||| SWAPPING to +9 war axe "Weruguaf" {speed, SInv}.
 18509 | Lair:5   | 18509 ||| SWAPPING to +0 morningstar.
 18511 | Lair:5   | 18511 ||| INVOKING Berserk.
 18519 | Lair:5   | 18519 ||| SWAPPING to +9 war axe "Weruguaf" {speed, SInv}.
 18600 | Lair:5   | 18600 ||| INVOKING Berserk.
 18621 | Lair:5   | 18621 ||| Stepping ~*~*~tactically~*~*~ (stealth).
 18622 | Lair:5   | 18622 ||| Stepping ~*~*~tactically~*~*~ (stealth).
 18701 | Lair:5   | 18701 ||| Stepping ~*~*~tactically~*~*~ (stealth).
 18705 | Lair:5   | 18705 ||| INVOKING Berserk.
 18767 | Lair:5   | 18767 ||| Stepping ~*~*~tactically~*~*~ (stealth).
 18779 | Lair:5   | 18779 ||| Stepping ~*~*~tactically~*~*~ (stealth).
 18820 | Lair:5   | 18820 ||| UPGRADING to amulet of the Commoners {Faith rF++
                  | rC- rN+}.
 19068 | Lair:5   | 19068 ||| INVOKING Berserk.
 19242 | Lair:5   | Reached skill level 15 in Fighting
 19259 | Lair:5   | 19259 ||| INVOKING Berserk.
 19292 | Lair:5   | Reached XP level 14. HP: 148/148 MP: 13/13
 19534 | Lair:5   | 19534 ||| Stepping ~*~*~tactically~*~*~ (water).
 19548 | Lair:5   | Identified the +6 dire flail of Chaos {freeze, rN+ Str+2
                  | Int+4}
 19792 | Lair:5   | 19792 ||| DROPPING +0 morningstar.
 19816 | Lair:5   | 19816 ||| Stepping ~*~*~tactically~*~*~ (stealth).
 19831 | Lair:5   | 19831 ||| INVOKING Berserk.
 20083 | Lair:5   | 20083 ||| PLANNING D
 20083 | Lair:5   | 20083 ||| UPGRADING to +0 tower shield.
 20093 | Lair:5   | 20093 ||| DROPPING +0 kite shield.
 20094 | Lair:5   | 20094 ||| DROPPING +6 ring of dexterity.
 20259 | D:12     | 20259 ||| STAIRDANCE
 20340 | D:12     | 20340 ||| STAIRDANCE
 20396 | D:11     | 20396 ||| UPGRADING to +3 plate armour.
 20406 | D:11     | 20406 ||| DROPPING +0 plate armour.
 20503 | D:12     | 20503 ||| Stepping ~*~*~tactically~*~*~ (stealth).
 20768 | D:13     | 20768 ||| Stepping ~*~*~tactically~*~*~ (hiding).
 20778 | D:13     | Reached skill level 15 in Shields
 20893 | D:13     | 20893 ||| INVOKING Brothers in Arms.
 20894 | D:13     | 20894 ||| INVOKING Brothers in Arms.
 20895 | D:13     | 20895 ||| SWAPPING to +2 morningstar of freezing.
 20896 | D:13     | 20896 ||| INVOKING Berserk.
 20917 | D:13     | 20917 ||| SWAPPING to +9 war axe "Weruguaf" {speed, SInv}.
 20928 | D:13     | Reached skill level 16 in Shields
 21018 | D:13     | 21018 ||| FLEEEEING.
 21019 | D:13     | 21019 ||| FLEEEEING.
 21020 | D:13     | 21020 ||| FLEEEEING.
 21021 | D:13     | 21021 ||| FLEEEEING.
 21023 | D:13     | 21023 ||| FLEEEEING.
 21024 | D:13     | 21024 ||| FLEEEEING.
 21025 | D:13     | 21025 ||| FLEEEEING.
 21026 | D:13     | 21026 ||| FLEEEEING.
 21027 | D:13     | 21027 ||| FLEEEEING.
 21028 | D:13     | 21028 ||| FLEEEEING.
 21029 | D:13     | 21029 ||| FLEEEEING.
 21030 | D:13     | 21030 ||| FLEEEEING.
 21031 | D:13     | 21031 ||| FLEEEEING.
 21032 | D:13     | 21032 ||| FLEEEEING.
 21033 | D:13     | 21033 ||| FLEEEEING.
 21034 | D:13     | 21034 ||| FLEEEEING.
 21035 | D:13     | 21035 ||| FLEEEEING.
 21037 | D:13     | 21037 ||| FLEEEEING.
 21038 | D:13     | 21038 ||| FLEEEEING.
 21039 | D:13     | 21039 ||| FLEEEEING.
 21040 | D:13     | 21040 ||| FLEEEEING.
 21041 | D:13     | 21041 ||| FLEEEEING.
 21042 | D:13     | 21042 ||| FLEEEEING.
 21043 | D:13     | 21043 ||| STAIRDANCE
 21205 | D:13     | 21205 ||| STAIRDANCE
 21247 | D:13     | 21247 ||| Stepping ~*~*~tactically~*~*~ (stealth).
 21260 | D:13     | Identified the +3 helmet of the Eleven Things {+Inv Fly rF+
                  | Str+4}
 21266 | D:13     | 21266 ||| Stepping ~*~*~tactically~*~*~ (hiding).
 21267 | D:13     | 21267 ||| Stepping ~*~*~tactically~*~*~ (hiding).
 21434 | D:13     | Found a gate to the Vaults.
 21638 | D:13     | 21638 ||| INVOKING Berserk.
 21772 | D:13     | 21772 ||| INVOKING Berserk.
 21903 | D:13     | 21903 ||| Stepping ~*~*~tactically~*~*~ (stealth).
 21904 | D:13     | 21904 ||| Stepping ~*~*~tactically~*~*~ (stealth).
 21905 | D:13     | 21905 ||| Stepping ~*~*~tactically~*~*~ (stealth).
 21914 | D:13     | Reached skill level 17 in Shields
 22066 | D:13     | 22066 ||| READING scroll of enchant armour.
 22066 | D:13     | 22066 ||| ENCHANTING +1 pair of boots.
 22285 | D:14     | 22285 ||| INVOKING Brothers in Arms.
 22286 | D:14     | 22286 ||| INVOKING Brothers in Arms.
 22287 | D:14     | 22287 ||| INVOKING Brothers in Arms.
 22288 | D:14     | 22288 ||| INVOKING Brothers in Arms.
 22289 | D:14     | 22289 ||| SWAPPING to +2 morningstar of freezing.
 22290 | D:14     | 22290 ||| INVOKING Berserk.
 22302 | D:14     | 22302 ||| SWAPPING to +9 war axe "Weruguaf" {speed, SInv}.
 22426 | D:14     | 22426 ||| Stepping ~*~*~tactically~*~*~ (hiding).
 22431 | D:14     | 22431 ||| Stepping ~*~*~tactically~*~*~ (hiding).
 22434 | D:14     | 22434 ||| INVOKING Brothers in Arms.
 22440 | D:14     | 22440 ||| SWAPPING to +2 morningstar of freezing.
 22442 | D:14     | 22442 ||| INVOKING Berserk.
 22477 | D:14     | 22477 ||| SWAPPING to +9 war axe "Weruguaf" {speed, SInv}.
 22615 | D:14     | 22615 ||| INVOKING Berserk.
 22673 | D:14     | 22673 ||| Stepping ~*~*~tactically~*~*~ (stealth).
 22680 | D:14     | 22680 ||| Stepping ~*~*~tactically~*~*~ (stealth).
 22682 | D:14     | 22682 ||| INVOKING Berserk.
 22687 | D:14     | Reached skill level 18 in Shields
 22760 | D:14     | 22760 ||| Stepping ~*~*~tactically~*~*~ (hiding).
 22761 | D:14     | 22761 ||| Stepping ~*~*~tactically~*~*~ (hiding).
 22762 | D:14     | 22762 ||| Stepping ~*~*~tactically~*~*~ (hiding).
 22989 | D:14     | 22989 ||| INVOKING Brothers in Arms.
 22991 | D:14     | 22991 ||| SWAPPING to +2 morningstar of freezing.
 22993 | D:14     | 22993 ||| INVOKING Berserk.
 23040 | D:14     | 23040 ||| SWAPPING to +9 war axe "Weruguaf" {speed, SInv}.
 23139 | D:14     | 23139 ||| Stepping ~*~*~tactically~*~*~ (hiding).
 23368 | D:14     | 23368 ||| Stepping ~*~*~tactically~*~*~ (hiding).
 23371 | D:14     | 23371 ||| INVOKING Trog's Hand.
 23514 | D:15     | Entered Level 15 of the Dungeon
 23515 | D:15     | 23515 ||| PLANNING GAUNTLET
 23604 | D:15     | 23604 ||| INVOKING Berserk.
 23675 | D:15     | Noticed Azrael
 23676 | D:15     | 23676 ||| Stepping ~*~*~tactically~*~*~ (hiding).
 23680 | D:15     | 23680 ||| INVOKING Berserk.
 23695 | D:15     | Killed Azrael
 23703 | D:15     | Reached XP level 15. HP: 155/155 MP: 14/14
 23889 | D:15     | 23889 ||| INVOKING Trog's Hand.
 23890 | D:15     | 23890 ||| INVOKING Berserk.
 24018 | D:15     | Found a staircase to the Depths.
 24058 | D:15     | 24058 ||| RIP GAUNTLET
 24088 | D:15     | 24088 ||| PLANNING D
 24117 | D:15     | 24117 ||| FLEEEEING.
 24118 | D:15     | 24118 ||| FLEEEEING.
 24119 | D:15     | 24119 ||| FLEEEEING.
 24180 | D:15     | 24180 ||| INVOKING Berserk.
 24414 | D:15     | 24414 ||| INVOKING Berserk.
 24581 | D:15     | 24581 ||| PLANNING ORC
 24581 | D:15     | 24581 ||| READING 11 scrolls of identify.
 24581 | D:15     | 24581 ||| IDENTIFYING grey potion
 24582 | D:15     | 24582 ||| DROPPING potion of magic.
 24711 | Orc:1    | Entered Level 1 of the Orcish Mines
 24712 | Orc:1    | 24712 ||| INVOKING Trog's Hand.
 24721 | Orc:1    | 24721 ||| INVOKING Berserk.
 24869 | Orc:1    | Found Inerghoq's General Store.
 24945 | Orc:1    | 24945 ||| BUYING potion of might (64 gold).
 24945 | Orc:1    | Bought a potion of might for 64 gold pieces
 25109 | Orc:1    | 25109 ||| INVOKING Trog's Hand.
 25111 | Orc:1    | Noticed an orc warlord
 25113 | Orc:1    | 25113 ||| INVOKING Berserk.
 25145 | Orc:1    | 25145 ||| INVOKING Brothers in Arms.
 25147 | Orc:1    | Killed an orc warlord
 25148 | Orc:1    | Reached skill level 19 in Shields
 25170 | Orc:1    | Noticed an orc warlord
 25171 | Orc:1    | 25171 ||| INVOKING Brothers in Arms.
 25172 | Orc:1    | 25172 ||| INVOKING Brothers in Arms.
 25176 | Orc:1    | 25176 ||| INVOKING Berserk.
 25182 | Orc:1    | Killed an orc warlord
 25441 | Orc:2    | Entered Level 2 of the Orcish Mines
 25441 | Orc:2    | Found Zengen's Armour Emporium.
 25447 | Orc:2    | 25447 ||| STAIRDANCE
 25482 | Orc:2    | 25482 ||| STAIRDANCE
 25487 | Orc:2    | 25487 ||| STAIRDANCE
 25520 | Orc:2    | 25520 ||| Stepping ~*~*~tactically~*~*~ (hiding).
 25528 | Orc:2    | 25528 ||| Stepping ~*~*~tactically~*~*~ (stealth).
 25529 | Orc:2    | 25529 ||| Stepping ~*~*~tactically~*~*~ (stealth).
 25534 | Orc:2    | 25534 ||| INVOKING Trog's Hand.
 25539 | Orc:2    | 25539 ||| INVOKING Berserk.
 25687 | Orc:2    | 25687 ||| Stepping ~*~*~tactically~*~*~ (stealth).
 25726 | Orc:2    | Found a staircase to the Elven Halls.
 25747 | Orc:2    | 25747 ||| BUYING +1 plate armour "Buppaf" {Will+ Dex+4}
                  | (539 gold).
 25747 | Orc:2    | Bought the +1 plate armour "Buppaf" {Will+ Dex+4} for 539
                  | gold pieces
 25773 | Orc:2    | 25773 ||| INVOKING Trog's Hand.
 25774 | Orc:2    | 25774 ||| INVOKING Berserk.
 25900 | Orc:2    | 25900 ||| INVOKING Brothers in Arms.
 25903 | Orc:2    | 25903 ||| INVOKING Berserk.
 26027 | Orc:2    | 26027 ||| Stepping ~*~*~tactically~*~*~ (hiding).
 26114 | Orc:2    | 26114 ||| FLEEEEING.
 26210 | Orc:2    | Received a gift from Trog
 26381 | Orc:2    | Found Kyde Ola's Book Shoppe.
 26381 | Orc:2    | Found Meciqiy's Antique Weapon Boutique.
 26383 | Orc:2    | Found Nelol's General Store.
 26385 | Orc:2    | Found Naatub's Weapon Emporium.
 26775 | Orc:1    | 26775 ||| PLANNING SNAKE:1-3
 26987 | Snake:1  | Entered Level 1 of the Snake Pit
 26987 | Snake:1  | Found Zaow's Self-Improvement Boutique.
 27000 | Snake:1  | 27000 ||| INVOKING Berserk.
 27181 | Snake:1  | 27181 ||| Stepping ~*~*~tactically~*~*~ (hiding).
 27239 | Snake:1  | 27239 ||| INVOKING Berserk.
 27370 | Snake:1  | 27370 ||| Stepping ~*~*~tactically~*~*~ (hiding).
 27371 | Snake:1  | 27371 ||| Stepping ~*~*~tactically~*~*~ (hiding).
 27377 | Snake:1  | 27377 ||| INVOKING Berserk.
 27386 | Snake:1  | Reached skill level 15 in Armour
 27558 | Snake:1  | 27558 ||| INVOKING Berserk.
 27703 | Snake:1  | 27703 ||| Stepping ~*~*~tactically~*~*~ (hiding).
 27705 | Snake:1  | 27705 ||| Stepping ~*~*~tactically~*~*~ (hiding).
 28015 | Snake:1  | Found Mazaun's Magic Scroll Emporium.
 28018 | Snake:1  | Found Tieh's General Store.
 28020 | Snake:1  | Found Xadda's Distillery.
 28021 | Snake:1  | 28021 ||| Stepping ~*~*~tactically~*~*~ (hiding).
 28027 | Snake:1  | Reached skill level 6 in Dodging
 28130 | Snake:1  | 28130 ||| BUYING scroll of enchant weapon (142 gold).
 28130 | Snake:1  | Bought a scroll of enchant weapon for 142 gold pieces
 28130 | Snake:1  | 28130 ||| BUYING scroll of teleportation (57 gold).
 28130 | Snake:1  | Bought a scroll of teleportation for 57 gold pieces
 28134 | Snake:1  | 28134 ||| BUYING potion of heal wounds (75 gold).
 28134 | Snake:1  | Bought a potion of heal wounds for 75 gold pieces
 28134 | Snake:1  | 28134 ||| BUYING potion of might (60 gold).
 28134 | Snake:1  | Bought a potion of might for 60 gold pieces
 28134 | Snake:1  | 28134 ||| BUYING potion of might (60 gold).
 28134 | Snake:1  | Bought a potion of might for 60 gold pieces
 28134 | Snake:1  | 28134 ||| BUYING potion of resistance (150 gold).
 28134 | Snake:1  | Bought a potion of resistance for 150 gold pieces
 28254 | Snake:1  | 28254 ||| Stepping ~*~*~tactically~*~*~ (hiding).
 28299 | Snake:2  | Noticed a nagaraja
 28302 | Snake:2  | 28302 ||| INVOKING Berserk.
 28310 | Snake:2  | Killed a nagaraja
 28351 | Snake:2  | 28351 ||| Stepping ~*~*~tactically~*~*~ (stealth).
 28353 | Snake:2  | 28353 ||| Stepping ~*~*~tactically~*~*~ (hiding).
 28355 | Snake:2  | 28355 ||| Stepping ~*~*~tactically~*~*~ (hiding).
 28364 | Snake:2  | Noticed Saint Roka
 28373 | Snake:2  | 28373 ||| INVOKING Berserk.
 28379 | Snake:2  | HP: 58/241 [Saint Roka/+2 great sword of freezing (10)]
 28385 | Snake:2  | HP: 52/241 [poisoned by a naga warrior (splash of poison)]
 28385 | Snake:2  | HP: 24/241 [salamander mystic/+0 quarterstaff (12)]
 28386 | Snake:2  | Slain by a salamander

Levels and vault maps discovered:
D:1:      psy_arrival_basics, layout_basic, hellmonk_ecumenical_altar_blasted,
          corexii_leaking_fountain
D:2:      kb_forest_paths, layout_basic
D:3:      layout_loops_ring, grunt_temple_overflow_open, uniq_jessica
D:4:      layout_basic, general_overflow_altar, uniq_robin
D:5:      layout_basic, minmay_temple_entry_drinking_statues
D:6:      old_forge, layout_basic, uniq_blork_the_orc
D:7:      layout_cave_pools, nicolae_uskayaw_suspiria
D:8:      layout_loops_ring, kennysheep_ying_yang,
          lemuel_coloured_pillars_altar, serial_ice, serial_ice_i, serial_ice_g,
          serial_ice_h, serial_ice_c, minmay_manual_mail, uniq_maggie,
          uniq_joseph
D:9:      layout_basic, nicolae_hepliaklqana_hippocampus,
          mainiacjoe_overflow_six_doors_small, special_room [special_room_orc]
D:10:     layout_basic, ashenzari_conservatory_becter, david_orc_4,
          ebering_ghost_rock_garden, serial_corexii_hall,
          chequers_hall_statues_y, corexii_hall_statues_i,
          corexii_hall_statues_i, corexii_hall_statues_x, serial_shops,
          nicolae_inconvenience_store
D:11:     layout_roguey, lair_entry_dummy, gammafunk_ghost_necromancy
D:12:     layout_small_grid, st_stairs_8
D:13:     nicolae_BIG_FREAKIN_CUBE, layout_long_grid,
          lightli_vaults_fourway_checkpoint, grunt_decor_cap
D:14:     layout_basic, minivault_23
D:15:     grunt_enter_depths_magical_seal, layout_gridville,
          gauntlet_entry_generic, uniq_azrael
Lair:1:   layout_small_grid, portal_ice_cave_demonic_guard, grunt_megastairs_4
Lair:2:   layout_cave_shapes, elwin_shoals_entry_stream,
          guppyfry_snake_entry_island, ebering_ghost_disaster_area,
          grunt_megastairs_1, lemuel_fruit_tree
Lair:3:   layout_cave_pods, enter_volcano_2, uniq_josephine
Lair:4:   layout_cave_shapes, dpeg_slime_entry_enclosed, nicolae_lair_lil_pond
Lair:5:   minmay_lair_end_frog_pond, layout_gridlike
Snake:1:  layout_onion_interference, grunt_ministairs_12,
          nicolae_shop_self_help, minmay_shop_star
Snake:2:  layout_rooms, uniq_saint_roka
Orc:1:    layout_caves, serial_shops, shop, roderic_batcave, minmay_orc_treasury
Orc:2:    st_orc_rangers, layout_caves, serial_shops, nicolae_shop_statue_plus

Skill      XL: |  1  2  3  4  5  6  7  8  9 10 11 12 13 14 15 |
---------------+----------------------------------------------+-----
Axes           | 4 5 6 7 8 10 12 14 16 | 16.0
Throwing       | 1 2 3 4 |  4.0
Shields        | 2 4 5 6 7 8 9 10 13 14 18 19 | 19.5
Armour         | 3 4 7 9 11 13 15 | 15.0
Fighting       | 4 6 7 8 10 12 15 17 | 17.5
Dodging        | 3 4 6 |  6.0

Action                   |  1- 3 |  4- 6 |  7- 9 | 10-12 | 13-15 || total
-------------------------+-------+-------+-------+-------+-------++-------
Melee: Hand axe          |    96 |    38 |       |       |       ||   134
       Headbutt          |    11 |     4 |    19 |    77 |   179 ||   290
       War axe           |       |    40 |   124 |   440 |   895 ||  1499
       Morningstar       |       |       |       |     6 |    51 ||    57
Throw: Javelin           |       |    14 |    34 |    25 |       ||    73
       Boomerang         |       |       |    13 |    78 |   171 ||   262
Invok: Berserk           |     1 |     2 |     7 |    23 |    37 ||    70
       Brothers in Arms  |       |       |       |     3 |     8 ||    11
       Trog's Hand       |       |       |       |       |     6 ||     6
  Use: Scroll            |     5 |     3 |     5 |    11 |     4 ||    28
       Potion            |       |     3 |     2 |     1 |     2 ||     8
 Stab: Invisible         |       |       |       |     1 |       ||     1
Armor: Animal skin       |     9 |       |       |       |       ||     9
       Plate armour      |    24 |    51 |    87 |   126 |   420 ||   708
Dodge: Dodged            |    32 |    16 |    33 |    70 |   194 ||   345
Block: Kite shield       |       |    26 |    49 |   133 |   118 ||   326
       Tower shield      |       |       |       |       |   550 ||   550

Table legend:
 A = Non-vault XP
 B = Vault XP
 C = Vault XP percentage of total XP
 D = Non-vault monster count
 E = Vault monster count
 F = Vault count percentage of total count
                 A         B        C        D         E       F
            +---------+---------+-------+---------+---------+-------
      Total |  102420 |   51025 |  33.3 |     493 |     269 |  35.3
            +---------+---------+-------+---------+---------+-------
        D:1 |      45 |       0 |   0.0 |      27 |       0 |   0.0
        D:2 |      37 |      20 |  35.1 |      15 |       6 |  28.6
        D:3 |      40 |      37 |  48.1 |      10 |       1 |   9.1
        D:4 |     415 |      36 |   8.0 |      16 |      11 |  40.7
        D:5 |    1077 |       0 |   0.0 |      22 |       0 |   0.0
        D:6 |     896 |     466 |  34.2 |      16 |      15 |  48.4
        D:7 |    1493 |       0 |   0.0 |      21 |       0 |   0.0
        D:8 |    1670 |    3117 |  65.1 |      21 |      15 |  41.7
        D:9 |    1630 |     341 |  17.3 |      15 |      16 |  51.6
       D:10 |    3177 |     732 |  18.7 |      21 |      16 |  43.2
       D:11 |    3919 |       0 |   0.0 |      27 |       0 |   0.0
       D:12 |    3618 |     181 |   4.8 |      22 |       1 |   4.3
       D:13 |    6994 |    8128 |  53.7 |      16 |      12 |  42.9
       D:14 |   11784 |       0 |   0.0 |      27 |       0 |   0.0
       D:15 |   11253 |    6308 |  35.9 |      23 |      17 |  42.5
     Lair:1 |    5363 |    1498 |  21.8 |      24 |       4 |  14.3
     Lair:2 |    2803 |    2443 |  46.6 |      15 |       8 |  34.8
     Lair:3 |    7338 |    1970 |  21.2 |      24 |       6 |  20.0
     Lair:4 |    8413 |       0 |   0.0 |      29 |       0 |   0.0
     Lair:5 |    7444 |   10227 |  57.9 |      25 |      38 |  60.3
    Snake:1 |   11299 |    2431 |  17.7 |      26 |       5 |  16.1
    Snake:2 |    7035 |    1078 |  13.3 |      11 |      12 |  52.2
      Orc:1 |    1175 |    8136 |  87.4 |      13 |      49 |  79.0
      Orc:2 |    3502 |    3876 |  52.5 |      27 |      37 |  57.8
            +---------+---------+-------+---------+---------+-------
